 Dungeon Crawl Stone Soup version 0.18.1-48-g4cf74bf (webtiles) character file.

970 mopl the Sneak (level 8, 0/43 HPs)
             Began as a Vine Stalker Wanderer on Aug 31, 2016.
             Slain by a wight
             ... wielding a +0 trident
              (3 damage)
             ... on level 4 of the Dungeon.
             The game lasted 00:08:32 (3737 turns).

mopl the Sneak (Vine Stalker Wanderer)              Turns: 3737, Time: 00:08:33

Health: 0/43       AC:  4    Str: 14    XL:     8   Next: 16%
Magic:  0/9        EV: 11    Int: 14    God:
Gold:   128        SH:  0    Dex: 15    Spells: 0 memorised, 7 levels left

rFire  . . .     SeeInvis .     a - +2 short sword
rCold  . . .     Gourm    .     d - +0 robe
rNeg   . . .     Faith    .     (no shield)
rPois  .         Spirit   +     r - +0 helmet
rElec  .         Dismiss  .     (no cloak)
rCorr  .         Reflect  .     B - +0 pair of gloves
SustAt .         Harm     .     (no boots)
MR     +....                    (no amulet)
Stlth  +++.......               (no ring)
                                (no ring)

@: drained, somewhat resistant to hostile enchantments, fairly stealthy
A: fangs 3, regeneration 2, magic shield, antimagic bite, no device heal 3, rot
immunity
a: no special abilities


You were on level 4 of the Dungeon.
You were not hungry.

You visited 1 branch of the dungeon, and saw 4 of its levels.

You collected 128 gold pieces.

Inventory:

Hand Weapons
 a - a +2 short sword (weapon)
 e - a +0 dagger
 q - a +5 club
 t - a +1 dagger of venom
 C - a cursed +3 long sword of freezing
Missiles
 z - 6 tomahawks (quivered)
Armour
 d - a +0 robe (worn)
 r - a +0 helmet (worn)
 B - a +0 pair of gloves (worn)
Scrolls
 c - 2 scrolls of teleportation
 l - 2 scrolls of remove curse
 m - a scroll of identify {unknown}
 p - a scroll of recharging {unknown}
 v - a scroll of magic mapping {unknown}
 y - a scroll of immolation {unknown}
Potions
 b - a potion of lignification {!q}
 g - 2 potions of flight {unknown}
 h - a potion of haste {unknown}
 i - a potion of berserk rage {unknown}
 j - 2 potions of brilliance {unknown}
 k - a potion of agility {unknown}
 s - a potion of curing {unknown}
 w - a potion of heal wounds {unknown}
 x - a potion of might {unknown}
 A - a potion of magic {unknown}
Comestibles
 f - 2 bread rations
 n - 2 fruits
 o - 4 meat rations
 u - a beef jerky


   Skills:
 + Level 5.0(4.6) Fighting
 + Level 4.4(4.1) Short Blades
 + Level 3.9(3.6) Throwing
 - Level 1.0(0.6) Armour
 - Level 1.0(0.6) Dodging
 + Level 6.1(5.7) Stealth
   Level 1.0(0.6) Evocations


You had 7 spell levels left.
You didn't know any spells.

Dungeon Overview and Level Annotations

Branches:
Dungeon (4/15)
 Temple: D:4-7

Altars:
Ashenzari
Fedhas
Kikubaaqudgha
Okawaru
Ru
Vehumet
The Shining One


Innate Abilities, Weirdness & Mutations

You have razor-sharp teeth.
You heal very quickly.
When hurt, damage is shared between your health and your magic reserves.
Your bite disrupts and absorbs the magic of your enemies.
Potions and wands cannot restore your health.
You are immune to rotting.


Message History

The wight barely misses you.
You hit the wight but do no damage.
The wight is severely damaged.
You hit the wight.
The wight is almost destroyed.
The wight hits you with a long sword of freezing!
The wight freezes you.
You are too injured to fight recklessly!
You hit the wight.
You destroy the wight!
The wight hits you with a trident.
Things that are here:
a long sword of freezing; a robe
C - a long sword of freezing The wight hits you with a trident!
* * * LOW HITPOINT WARNING * * *
You feel drained.
* * * LOW HITPOINT WARNING * * *
The wight hits you from afar with a trident.
You die...

...........## ..w
........##..#.####.####.#
........###.#.z.z..!....#
........# #.## #.#
######### #..#####z#####
# ##>....#.....# #
#####.###.#.### .#
#.#...#...# #.#
#@#...#.#.# #.#
#[#z....#.# ..# #z#.#.#.#
# .# #.....#.# #####.#..
#.#### #.. #.#. #.#.#


You could see a wight.

Vanquished Creatures
  Sigmund (D:3)
  A phantom (D:4)
  4 ogres
  A scorpion (D:3)
  2 wights
  Jessica (D:3)
  An iguana (D:3)
  Robin (D:2)
  5 adders
  4 gnolls
  6 worms
  5 dart slugs
  2 giant geckos
  An orc (D:4)
  2 ball pythons
  4 bats
  3 giant cockroaches
  12 hobgoblins
  8 jackals
  2 quokkas
  3 giant newts
  8 goblins
  8 kobolds
  6 rats
91 creatures vanquished.

Notes
Turn   | Place    | Note
--------------------------------------------------------------
     0 | D:1      | mopl the Vine Stalker Wanderer began the quest for the Orb.
     0 | D:1      | mopl set off with: a +2 short sword, a potion of lignification {!q}, a scroll of teleportation, a +0 robe, a +0 dagger, a bread ration
     0 | D:1      | Reached XP level 1. HP: 11/11 MP: 2/2
   307 | D:1      | Reached XP level 2. HP: 16/16 MP: 3/3
   431 | D:1      | Found a shattered altar of Ashenzari.
   439 | D:1      | Became a worshipper of Ashenzari the Shackled
   440 | D:1      | Fell from the grace of Ashenzari
   486 | D:1      | Reached skill level 2 in Short Blades
  1133 | D:2      | Reached skill level 1 in Throwing
  1133 | D:2      | Reached skill level 3 in Stealth
  1133 | D:2      | Reached XP level 3. HP: 19/19 MP: 4/4
  1237 | D:2      | Noticed Robin
  1318 | D:2      | Killed Robin
  1318 | D:2      | Reached skill level 3 in Fighting
  1371 | D:2      | Was forgiven by Ashenzari
  1456 | D:2      | Found a blossoming altar of Fedhas.
  1572 | D:2      | Reached XP level 4. HP: 24/24 MP: 5/5
  1598 | D:2      | Found a radiant altar of Vehumet.
  1661 | D:2      | Found a glowing golden altar of the Shining One.
  1871 | D:3      | Found an iron altar of Okawaru.
  1929 | D:3      | Noticed an ogre
  1952 | D:3      | Killed an ogre
  1952 | D:3      | Reached skill level 3 in Short Blades
  1952 | D:3      | Reached XP level 5. HP: 26/29 MP: 3/6
  1998 | D:3      | Noticed Jessica
  2012 | D:3      | Killed Jessica
  2012 | D:3      | Reached skill level 2 in Throwing
  2012 | D:3      | Reached skill level 4 in Stealth
  2337 | D:3      | Gained mutation: You heal very quickly. [Vine Stalker growth]
  2337 | D:3      | Reached XP level 6. HP: 14/33 MP: 3/7
  2527 | D:3      | Noticed Sigmund
  2558 | D:3      | Killed Sigmund
  2558 | D:3      | Reached skill level 4 in Fighting
  2558 | D:3      | Reached XP level 7. HP: 37/37 MP: 5/8
  2867 | D:3      | Reached skill level 5 in Stealth
  2987 | D:3      | Reached skill level 3 in Throwing
  3173 | D:3      | Reached skill level 4 in Short Blades
  3413 | D:4      | Found an ancient bone altar of Kikubaaqudgha.
  3470 | D:4      | Gained mutation: You have razor-sharp teeth. [Vine Stalker growth]
  3470 | D:4      | Reached XP level 8. HP: 24/42 MP: 6/9
  3601 | D:4      | Reached skill level 5 in Fighting
  3601 | D:4      | Reached skill level 6 in Stealth
  3709 | D:4      | Found a sacrificial altar of Ru.
  3737 | D:4      | Slain by a wight

Skill      XL: |  1  2  3  4  5  6  7  8 |
---------------+-------------------------+-----
Short Blades   | 2 3 4 |  4.4
Throwing       | 1 2 3 |  3.9
Stealth        | 3 4 5 6 |  6.1
Fighting       | 3 4 5 |  5.0
Armour         | |  1.0
Dodging        | |  1.0
Evocations     | |  1.0

Action                   |  1- 3 |  4- 6 |  7- 9 || total
-------------------------+-------+-------+-------++-------
Melee: Short sword       |    98 |   133 |    50 ||   281
       Bite              |    25 |    36 |    32 ||    93
       Dagger            |       |    11 |    82 ||    93
Invok: Renounce Religion |     1 |       |       ||     1
  Use: Potion            |       |     2 |       ||     2
 Stab: Sleeping          |     4 |     6 |     5 ||    15
       Distracted        |       |     1 |       ||     1
  Eat: Chunk             |     2 |     3 |     4 ||     9
Armor: Robe              |    14 |    19 |     5 ||    38
       Skin              |       |     9 |       ||     9
Dodge: Dodged            |    55 |    55 |    52 ||   162
